 Dungeon Crawl Stone Soup version 0.30-a0-137-gd8773701ce (webtiles) character file.

Game seed: 17170378747321319712

325 Dreamer the Changer (level 6, -8/45 HPs)
             Began as an Octopode Transmuter on Sept 23, 2022.
             Mangled by Blork the orc
             ... wielding a +0 dire flail
              (13 damage)
             ... on level 5 of the Dungeon.
             The game lasted 00:07:36 (4350 turns).

Dreamer the Changer (Octopode Transmuter)           Turns: 4350, Time: 00:07:36

Health: -8/45      AC:  6    Str: 10    XL:     6   Next: 48%
Magic:  6/9        EV: 10    Int: 17    God:
Gold:   82         SH:  0    Dex: 12    Spells: 2/9 levels left

rFire   x . .      SeeInvis .      - Unarmed
rCold   + + +      Faith    .    (shield currently unavailable)
rNeg    . . .      Spirit   .    (helmet currently unavailable)
rPois   +          Reflect  .    (no amulet)
rElec   .          Harm     .    (no ring)
rCorr   .          Rampage  .    (no ring)
Will    .....                    (no ring)
Stlth   +.........               (no ring)
HPRegen 0.15/turn                (no ring)
MPRegen 0.11/turn                (no ring)
                                 (no ring)
                                 (no ring)

@: ice-form
A: freezing attack, boosted hp, almost no armour, amphibious, 8 rings, large,
(camouflage 1), (gelatinous body 1), (nimble swimmer 1), (tentacles)
a: End Transformation


You were on level 5 of the Dungeon.
You were a creature of crystalline ice.
You visited 1 branch of the dungeon, and saw 5 of its levels.

You collected 82 gold pieces.

Inventory:

Hand Weapons
 j - a +4 short sword of venom (melded)
Scrolls
 c - 3 scrolls of fear {unknown}
 d - a scroll of magic mapping {unknown}
 f - 2 scrolls of identify {unknown}
 g - 2 scrolls of amnesia {unknown}
 i - a scroll of enchant armour {unknown}
 m - a scroll of enchant weapon {unknown}
Potions
 a - a potion of lignification
 b - a potion of brilliance {unknown}
 e - a potion of flight {unknown}
 h - a potion of attraction {unknown}
 k - a potion of mutation {unknown}
 l - a potion of heal wounds {unknown}


   Skills:
 - Level 1.0 Fighting
 - Level 2.0 Dodging
 - Level 3.0 Unarmed Combat
 - Level 2.0 Spellcasting
 * Level 5.8 Transmutations
 - Level 3.0 Ice Magic


You had 2 spell levels left.
You knew the following spells:

 Your Spells              Type           Power      Damage    Failure   Level
a - Beastly Appendage     Tmut           42%        N/A       1%          1
b - Ice Form              Ice/Tmut       16%        N/A       32%         4
c - Wereblood             Tmut           21%        N/A       2%          2

Your spell library contained the following spells:

 Spells                   Type           Power      Damage    Failure   Level
 Spider Form              Tmut/Pois      11%        N/A       19%         3
 Summon Forest            Summ/Tloc      0%         N/A       99%         5
 Summon Mana Viper        Hex/Summ       1%         N/A       99%         5
 Summon Cactus Giant      Summ           0%         N/A       100%        6


Dungeon Overview and Level Annotations

Branches:
Dungeon (5/15)
 Temple: D:4-7

Altars:
Wu Jian

Annotations:
D:5 Blork the orc


Innate Abilities, Weirdness & Mutations

You are a creature of crystalline ice.
You have a powerful freezing melee attack.
Your maximum health is increased.
Your armour is entirely melded.
You are incapable of wielding weapons or throwing items.
You cannot wear most types of armour.
You are amphibious.
You can wear up to eight rings at the same time.
((Your skin changes colour to match your surroundings (Stealth+).))
((Your rubbery body absorbs attacks. (AC +1, EV +1)))
((You are camouflaged when in or above water. (Stealth+)))
((You have tentacles for arms and can constrict up to eight enemies at once.))


Message History

Placed new exclusion.
Casting: Beastly Appendage (safe; 1% risk of failure)
Confirm with . or Enter, or press ? or * to list all spells.
The spell is extremely dangerous to miscast (32% risk of failure)!
Continue anyway?
You turn into a creature of crystalline ice.
Your +4 short sword of venom melds into your body.
Your +4 short sword of venom stops dripping with poison.
Really walk into a travel-excluded area?
Blork the orc gestures at you while chanting.
The puff of frost hits you but does no damage.
You resist.
Blork the orc points at you and mumbles some strange words.
The puff of flame hits you! The fire burns you terribly!
Blork the orc casts a spell at you. The puff of flame hits you!
The fire burns you terribly!
You barely miss Blork the orc.
Blork the orc hits you with a +0 dire flail!
You barely miss Blork the orc.
Blork the orc hits you with a +0 dire flail.
You hit Blork the orc. You freeze Blork the orc.
Blork the orc is moderately wounded.
Blork the orc hits you with a +0 dire flail!
* * * LOW HITPOINT WARNING * * *
You hit Blork the orc but do no damage.
Blork the orc is moderately wounded.
Blork the orc drinks a potion.
Blork the orc seems to grow stronger.
You hit Blork the orc but do no damage.
Blork the orc is moderately wounded.
Blork the orc casts a spell.
Blork the orc seems to speed up.
You punch Blork the orc! You freeze Blork the orc.
Blork the orc is severely wounded.
Blork the orc hits you with a +0 dire flail.
* * * LOW HITPOINT WARNING * * *
Okay, then.
You barely miss Blork the orc.
Blork the orc is severely wounded.
Blork the orc closely misses you.
Blork the orc hits you with a +0 dire flail!
You die...

###########
#<........#
#########.#
#.# #.###
#...#
###.#.#
#...#.#
#.#.#Y#
#.#.#o#
#.#....
#.###.##
#.....#
#######


You could see Blork the orc (fast, strong).

Vanquished Creatures
  A bullfrog (D:4)
  A scorpion (D:4)
  An orc priest (D:4)
  An orc wizard (D:4)
  3 gnolls
  4 adders
  A worm (D:3)
  4 dart slugs
  2 orcs (D:4)
  7 bats
  6 endoplasms
  5 giant cockroaches
  4 goblins
  6 hobgoblins
  4 jackals
  A quokka (D:1)
  7 ball pythons
  4 frilled lizards
  8 kobolds
  8 rats
78 creatures vanquished.

Notes
Turn   | Place    | Note
-------+----------+-------------------------------------------
     0 | D:1      | Dreamer the Octopode Transmuter began the quest for the
                  | Orb.
     0 | D:1      | Reached XP level 1. HP: 13/13 MP: 3/3
   280 | D:1      | Found a faded altar of an unknown god.
   285 | D:1      | Reached XP level 2. HP: 17/18 MP: 5/5
   350 | D:1      | Reached skill level 1 in Ice Magic
   501 | D:1      | Reached skill level 3 in Transmutations
   562 | D:1      | Reached XP level 3. HP: 14/23 MP: 6/6
  2010 | D:2      | Reached XP level 4. HP: 22/28 MP: 7/7
  2934 | D:3      | Reached skill level 4 in Transmutations
  3220 | D:3      | Reached XP level 5. HP: 33/33 MP: 8/8
  3228 | D:3      | Learned a level 4 spell: Ice Form
  3231 | D:3      | Learned a level 2 spell: Wereblood
  3559 | D:4      | Found an ornate altar of the Wu Jian Council.
  3775 | D:4      | Reached skill level 5 in Transmutations
  3775 | D:4      | Reached XP level 6. HP: 27/38 MP: 9/9
  4043 | D:5      | Entered Level 5 of the Dungeon
  4319 | D:5      | Noticed Blork the orc
  4350 | D:5      | Mangled by Blork the orc

Illustrated notes

Levels and vault maps discovered:
D:1:      lemuel_arrival_behind_the_door_large, layout_basic,
          ebering_ecumenical_altar_petrified
D:2:      layout_loops_ring
D:3:      layout_rooms, serial_rivers, chequers_serial_rivers_small_b,
          chequers_serial_rivers_micro_b, chequers_serial_rivers_room_b,
          chequers_serial_rivers_micro_c
D:4:      layout_basic, general_overflow_altar, minmay_temple_entry_overgrown,
          uniq_crazy_yiuf_cottage, uniq_menkaure
D:5:      minmay_octagon_keep, layout_basic, lemuel_doored_altar,
          uniq_blork_the_orc, uniq_sigmund

Skill      XL: |  1  2  3  4  5 |
---------------+----------------+-----
Ice Magic      | 1 2 3 |  3.0
Transmutations | 3 4 5 |  5.8
Fighting       | |  1.0
Dodging        | |  2.0
Unarmed Combat | |  3.0
Spellcasting   | |  2.0

Action                   |  1- 3 |  4- 6 || total
-------------------------+-------+-------++-------
Melee: Dagger            |    94 |    39 ||   133
       Unarmed           |     5 |     7 ||    12
       Constrict         |    25 |    18 ||    43
       Tentacles         |    14 |    17 ||    31
       Kick              |     1 |       ||     1
       Punch             |     2 |     1 ||     3
       Short sword       |       |    44 ||    44
 Cast: Beastly Appendage |     1 |       ||     1
       Ice Form          |       |     1 ||     1
 Stab: Sleeping          |     4 |     1 ||     5
Armor: Skin              |     5 |     4 ||     9
Dodge: Dodged            |    56 |    37 ||    93

Table legend: (Time is in decaauts)
 A = Elapsed time spent in this place.
 B = Non-inter-level travel time spent in this place.
 C = Inter-level travel time spent in this place.
 D = Time resting spent in this place.
 E = Time spent auto-exploring this place.
 F = Levels seen in this place.
 G = Mean time per level.
                   A        B        C        D        E       F      G
               +--------+--------+--------+--------+--------+-----+--------+
         Total |   4349 |   4260 |     89 |   1545 |   1863 |   5 |  869.8 |
       Dungeon |   4349 |   4260 |     89 |   1545 |   1863 |   5 |  869.8 |
               +--------+--------+--------+--------+--------+-----+--------+

Top non-repeatable levels by time:
     D:1: 1662 daAuts
     D:3: 987 daAuts
     D:2: 908 daAuts
     D:4: 492 daAuts
     D:5: 299 daAuts
